Map: Alcyone LE

Players

LiquidClem (Clem) - Winner!

  • Race: Terran Terran
  • League: Grandmaster
  • Spawn Location: 7:00

MaxPax

  • Race: Protoss Protoss
  • League: Grandmaster
  • Spawn Location: 1:00

VOD

Have the link to the VOD?

Description

Time

  • Played on: Dec. 4, 2023, 10:24 p.m.
  • Length: 10:32
Show
View Real Time Build Order
Export as new Build Order

LiquidClem Terran - Winner!

Build Orders: Reaper Expand 

Get SALT Encoding   

  12  0:00  SCV  
  13  0:12  SCV  
  14  0:16  Supply Depot  
  14  0:24  SCV  
  15  0:38  SCV  
  15  0:40  Barracks  
  15  0:42  Refinery  
  16  0:50  SCV  
  17  1:02  SCV  
  18  1:14  SCV  
  19  1:27  Orbital Command, Reaper  
  20  1:45  Command Center  
  20  1:50  Supply Depot  
  20  1:53  SCV  
  21  1:58  Marine  
  22  2:05  SCV  
  22  2:07  Factory  
  23  2:16  Bunker, Marine  
  23  2:18  SCV  
  23  2:22  Refinery  
  25  2:30  SCV  
  25  2:35  Barracks Reactor  
  26  2:42  SCV  
  27  2:53  Hellion  
  27  2:54  SCV  
  27  2:58  Orbital Command  
  30  3:05  Starport  
  29  3:06  SCV  
  29  3:11  Marine x2  
  32  3:15  Widow Mine  
  32  3:18  SCV  
  35  3:24  SCV  
  35  3:29  Marine  
  35  3:30  SCV  
  35  3:31  Marine  
  35  3:32  Supply Depot  
  38  3:36  SCV  
  38  3:40  Factory Tech Lab  
  32  3:41  Medivac  
  39  3:42  SCV  
  39  3:48  Marine, SCV  
  43  3:49  Marine  
  43  3:51  Supply Depot  
  45  3:56  SCV  
  45  3:57  Barracks  
  45  4:00  SCV  
  47  4:03  Siege Tank  
  47  4:08  SCV  
  51  4:12  Starport Tech Lab, SCV  
  51  4:15  Marine x2  
  54  4:18  Supply Depot  
  54  4:20  SCV  
  55  4:24  SCV  
  56  4:31  Barracks  
  56  4:32  Raven, SCV  
  56  4:34  Supply Depot  
  59  4:39  Siege Tank, SCV  
  59  4:43  Refinery  
  59  4:45  Bunker, Marine  
  62  4:48  SCV  
  62  4:52  Engineering Bay  
  63  4:54  Marine  
  63  4:55  SCV  
  63  4:57  Marine  
  66  5:00  SCV  
  66  5:02  Marine  
  66  5:04  Supply Depot  
  68  5:07  SCV  
  68  5:12  SCV, Marine  
  70  5:16  Siege Tank  
  70  5:17  Marine  
  70  5:19  SCV  
  70  5:21  Marine  
  76  5:24  SCV  
  76  5:30  Marine  
  76  5:31  SCV  
  77  5:36  SCV, Supply Depot  
  77  5:37  Marine  
  77  5:38  Supply Depot  
  77  5:42  Marine  
  79  5:43  SCV  
  79  5:46  Stimpack, Marauder  
  79  5:48  SCV  
  82  5:50  Refinery  
  82  5:51  Supply Depot  
  82  5:53  Marine  
  82  5:55  SCV  
  84  5:58  Refinery  
  84  6:05  Starport Reactor  
  84  6:06  Terran Infantry Weapons Level 1  
  84  6:08  Marauder, Marine  
  84  6:09  Factory Reactor  
  84  6:12  Marauder  
  84  6:15  Marine  
  84  6:16  SCV  
  84  6:18  SCV  
  77  6:26  Marine  
  77  6:28  Bunker, SCV  
  77  6:30  SCV  
  79  6:33  Marine  
  79  6:39  Marauder  
  84  6:40  SCV, Marauder  
  84  6:42  SCV  
  84  6:45  Refinery  
  86  6:47  Marine  
  86  6:51  Missile Turret  
  86  6:52  Medivac  
  91  6:54  Widow Mine  
  91  6:56  Marine  
  91  7:00  Marauder  
  94  7:03  Marauder  
  94  7:07  Marine  
  94  7:11  SCV  
  94  7:14  Medivac, Marine, SCV  
  97  7:16  Supply Depot  
  97  7:17  Command Center  
  97  7:18  Combat Shield  
  97  7:21  Marine  
  98  7:23  SCV  
  98  7:24  Factory Reactor  
  98  7:26  Marauder  
  98  7:29  Marine  
  101  7:32  Marine, Supply Depot  
  103  7:39  Marine  
  103  7:42  SCV x2  
  105  7:45  Supply Depot  
  105  7:48  Marauder  
  107  7:52  Marine x2  
  107  7:53  Barracks x2  
  107  7:57  Medivac, Marauder  
  107  7:58  Medivac  
  114  8:00  Supply Depot  
  114  8:02  Widow Mine  
  114  8:03  Widow Mine  
  116  8:09  Marauder  
  118  8:13  Terran Infantry Armor Level 1  
  118  8:14  Marine x2  
  118  8:19  Marauder  
  122  8:24  Widow Mine x2  
  122  8:31  Marauder  
  122  8:32  Marine x2  
  122  8:34  Medivac  
  124  8:40  Marauder  
  119  8:41  Medivac  
  119  8:42  Barracks Reactor, Barracks Tech Lab  
  119  8:44  SCV x2  
  119  8:45  Widow Mine x2  
  127  8:51  Marine x2  
  127  8:52  Marauder  
  127  8:59  SCV  
  127  9:02  Marauder x2  
  130  9:04  SCV  
  130  9:08  Marine  
  130  9:09  Orbital Command  
  131  9:11  Concussive Shells  
  131  9:13  Marauder, Marine  
  128  9:19  Marine, Widow Mine x2  
  128  9:21  SCV  
  128  9:23  Marauder  
  133  9:24  Marine  
  133  9:26  SCV  
  133  9:28  Viking  
  133  9:30  Marine  
  133  9:36  Bunker, Marauder, Marine  
  136  9:41  Marine, Medivac  
  136  9:43  Marauder  
  141  9:45  SCV  
  141  9:47  Marine  
  141  9:51  Widow Mine x2  
  144  9:52  Marine  
  144  9:55  Marauder, SCV x2  
  144  9:56  Refinery  
  144  9:58  Marine  
  144  9:59  SCV  
  151  10:01  Marine  
  151  10:03  Marauder  
  151  10:06  Marine  
  155  10:07  SCV  
  155  10:11  Supply Depot  
Show
View Real Time Build Order
Export as new Build Order

MaxPax Protoss 

Build Orders: 1 Gate Expand, Blink Stalkers 

Get SALT Encoding   

  12  0:00  Probe  
  13  0:12  Probe  
  14  0:17  Pylon  
  14  0:24  Probe (Chrono Boost)  
  16  0:35  Gateway  
  16  0:36  Probe (Chrono Boost)  
  16  0:42  Probe (Chrono Boost)  
  16  0:45  Assimilator  
  17  0:51  Probe  
  18  1:03  Probe  
  19  1:15  Probe  
  20  1:22  Cybernetics Core  
  20  1:30  Nexus  
  20  1:34  Probe  
  21  1:41  Pylon  
  21  1:47  Probe  
  22  1:50  Assimilator  
  22  1:57  Adept (Chrono Boost)  
  22  1:59  Probe  
  25  2:01  Warp Gate  
  25  2:08  Pylon  
  25  2:11  Probe  
  25  2:17  Adept (Chrono Boost)  
  27  2:23  Probe  
  27  2:28  Twilight Council  
  28  2:36  Probe  
  29  2:40  Stalker  
  31  2:45  Probe (Chrono Boost)  
  33  2:53  Probe (Chrono Boost)  
  33  2:57  Probe (Chrono Boost)  
  34  3:02  Probe x2 (Chrono Boost)  
  36  3:09  Gateway  
  36  3:10  Blink (Chrono Boost)  
  36  3:11  Probe  
  38  3:12  Probe  
  37  3:25  Probe  
  37  3:26  Probe  
  37  3:27  Robotics Facility  
  39  3:36  Gateway  
  39  3:37  Probe  
  39  3:39  Probe  
  41  3:46  Gateway  
  39  3:49  Probe  
  39  3:51  Probe  
  39  3:54  Pylon  
  41  3:58  Stalker  
  41  4:01  Probe  
  44  4:04  Stalker  
  46  4:12  Pylon, Probe  
  46  4:13  Warp Prism (Chrono Boost)  
  49  4:28  Stalker x2  
  49  4:29  Probe  
  49  4:30  Assimilator  
  54  4:33  Stalker  
  54  4:42  Pylon  
  54  4:52  Probe x2  
  56  4:53  Observer  
  57  5:00  Pylon  
  57  5:02  Stalker x4  
  57  5:05  Probe  
  66  5:29  Stalker  
  66  5:30  Observer, Stalker x2  
  66  5:31  Stalker  
  66  5:32  Probe x2  
  72  5:41  Observer  
  72  5:48  Nexus  
  72  5:57  Stalker x3  
  72  6:00  Pylon  
  72  6:01  Pylon  
  70  6:23  Stalker  
  70  6:24  Stalker x3  
  70  6:25  Observer, Probe  
  70  6:26  Probe  
  71  6:37  Probe  
  71  6:38  Probe  
  73  6:50  Charge, Probe (Chrono Boost)  
  73  6:51  Probe (Chrono Boost)  
  73  6:52  Stalker  
  73  7:02  Probe x2 (Chrono Boost)  
  73  7:07  Probe x2 (Chrono Boost)  
  73  7:08  Probe (Chrono Boost)  
  67  7:10  Stalker x3  
  74  7:16  Stalker, Probe  
  74  7:17  Probe  
  74  7:19  Probe  
  79  7:28  Probe  
  79  7:29  Probe  
  81  7:32  Gateway  
  81  7:35  Gateway  
  81  7:37  Gateway, Probe  
  82  7:41  Probe  
  82  7:42  Probe  
  84  7:48  Sentry, Zealot x2  
  90  7:54  Shield Battery  
  93  7:58  Immortal  
  89  8:08  Probe x3 (Chrono Boost)  
  92  8:14  Sentry, Zealot x2  
  92  8:15  Zealot  
  92  8:17  Probe x2 (Chrono Boost)  
  100  8:20  Probe (Chrono Boost)  
  89  8:43  Probe x3  
  89  8:48  Zealot x7  
  106  8:49  Forge  
  106  8:52  Observer  
  104  9:12  Nexus  
  104  9:13  Observer  
  87  9:25  Zealot x7  
  87  9:26  Probe  
  87  9:28  Robotics Bay  
  102  9:31  Probe  
  102  9:33  Assimilator  
  102  9:34  Probe  
  102  9:37  Forge  
  104  9:46  Zealot, Stalker  
  104  9:49  Pylon  
  104  9:51  Sentry  
  108  10:05  Zealot x2  
  108  10:06  Zealot  
  106  10:09  Zealot x3  
  98  10:20  Zealot  
Tags
 
Add a new tag
Caveats
  • Supply blocks, unpowered buildings, or Contaminate may cause inaccurate times.
  • Supply counts are checked every 10 seconds.